 Dungeon Crawl Stone Soup version 0.30.1-11-g7821555f0a (webtiles) character file.

Game seed: 13729969878427672333

7060 lonewolfV2 the Nimble (level 10, -9/83 HPs)
             Began as a Minotaur Fighter on Nov 1, 2023.
             Was a Priest of Qazlal.
             Mangled by Pikel
             ... wielding a +2 whip of electrocution
              (16 damage)
             ... on level 9 of the Dungeon.
             The game lasted 00:14:40 (8793 turns).

lonewolfV2 the Nimble (Minotaur Fighter)            Turns: 8793, Time: 00:14:41

Health: -9/83      AC: 17    Str: 25    XL:     10   Next: 83%
Magic:  13/13      EV: 14    Int:  5    God:    Qazlal [***...]
Gold:   274        SH: 14    Dex: 20    Spells: 9/9 levels left

rFire   . . .        a - +3 war axe
rCold   . . .        c - +0 buckler
rNeg    + . .        n - +1 plate armour
rPois   +            (helmet restricted)
rElec   .            (no cloak)
rCorr   +            (no gloves)
SInv    .            d - +0 pair of boots
Will    .....        h - amulet of reflection Stlth
                     e - ring "Muzem" {rN+ Str+6}
HPRegen 0.33/turn    u - ring of Xom's Passing Interest {Fly rPois rCorr Str-2 Dex+6}
MPRegen 0.13/turn

%: reflection
@: flying, slowed, very slow
A: horns 2, retaliatory headbutt
a: Renounce Religion, Upheaval, Elemental Force


You were on level 9 of the Dungeon.
You worshipped Qazlal.
Qazlal was most pleased with you.
You visited 2 branches of the dungeon, and saw 10 of its levels.

You collected 339 gold pieces.
You spent 65 gold pieces at shops.

Inventory:

Hand Weapons
 a - a +3 war axe (weapon)
Armour
 b - a +0 scale mail
 c - a +0 buckler (worn)
 d - a +0 pair of boots (worn)
 n - a +1 plate armour (worn)
Jewellery
 e - the ring "Muzem" (left hand) {rN+ Str+6}
   (You found it on level 2 of the Dungeon)

   [ring of strength]

   Str:       It affects your strength (+6).
   rN:        It protects you from negative energy.
 h - an amulet of reflection (around neck)
 k - a ring of protection from fire
 q - a ring of ice
 t - a +4 ring of slaying
 u - the ring of Xom's Passing Interest (right hand) {Fly rPois rCorr Str-2 Dex+6}
   (You acquired it on level 5 of the Dungeon)

   [ring of dexterity]

   Str:       It affects your strength (-2).
   Dex:       It affects your dexterity (+6).
   rPois:     It protects you from poison.
   Fly:       It grants you flight.
   rCorr:     It protects you from acid and corrosion.
 x - an amulet of regeneration
Wands
 p - a wand of roots (26)
 y - a wand of flame (14)
 B - a wand of polymorph (9)
 C - a wand of quicksilver (5)
Scrolls
 r - 2 scrolls of silence
 s - 2 scrolls of amnesia
 v - a scroll of identify
 A - 2 scrolls of poison
 D - a scroll of fog
 E - a scroll of teleportation
Potions
 f - a potion of brilliance
 g - 3 potions of degeneration
 i - 3 potions of flight
 j - 2 potions of haste
 l - 3 potions of attraction
 m - 7 potions of curing
 o - a potion of magic
 w - a potion of heal wounds
 z - 2 potions of resistance


   Skills:
 - Level 6.0 Fighting
 - Level 6.0 Axes
 - Level 10.7 Armour
 * Level 12.3 Dodging
 * Level 4.9 Shields
 + Level 5.8 Invocations


You had 9 spell levels left.
You didn't know any spells.
Your spell library contained the following spells:

 Spells                   Type           Power      Damage    Failure   Level
 Slow                     Hex            0%         N/A       99%         1
 Call Canine Familiar     Summ           0%         N/A       100%        3
 Confusing Touch          Hex            0%         N/A       100%        3
 Dazzling Flash           Conj/Hex       0%         N/A       100%        3
 Portal Projectile        Hex/Tloc       0%         N/A       100%        3
 Vampiric Draining        Necr           0%         2d6       100%        3
 Leda's Liquefaction      Hex/Erth       0%         N/A       100%        4
 Agony                    Necr           0%         N/A       100%        5
 Silence                  Hex/Air        0%         N/A       100%        5


Dungeon Overview and Level Annotations

Branches:
Dungeon (9/15)             Temple (1/1) D:7            Lair (0/5) D:8
    Orc: D:9-12

Altars:
Ashenzari
Dithmenos
Elyvilon
Fedhas
Kikubaaqudgha
Makhleb
Nemelex Xobeh
Qazlal
Sif Muna
Trog
Wu Jian
Xom
Zin

Shops:
D:4 (   D:7 **

Annotations:
D:5 1 runed translucent door, ShellytheWitch's ghost, novice KoBr
D:9 Pikel


Innate Abilities, Weirdness & Mutations

You have a pair of horns on your head.
You reflexively headbutt those who attack you in melee.


Message History

You block Pikel's attack. You block the lemure's attack.
You hit Pikel.
Pikel is heavily wounded.
You barely miss the lemure. You slash the wraith! You hit the lemure.
The wraith closely misses you. You block Pikel's attack.
You block the lemure's attack. The lemure barely misses you.
You block the wraith's attack. The lemure hits you but does no damage.
Pikel says, "I just want to get paid!"
Pikel hits you with a +2 whip of electrocution.
You block the lemure's attack.
You barely miss Pikel. Your headbutt misses Pikel.
Pikel is heavily wounded.
You closely miss the lemure. You closely miss the wraith.
You closely miss the lemure. The wraith barely misses you.
You furiously retaliate!
You headbutt the wraith!
You destroy the wraith!
Qazlal accepts your kill. You block Pikel's attack.
You block the lemure's attack. The lemure hits you.
You closely miss Pikel. You headbutt Pikel.
Pikel is heavily wounded.
You hit the lemure. x2; You block the lemure's attack.
Pikel misses you. You block the lemure's attack.
Pikel hits you with a +2 whip of electrocution.
You are electrocuted!
The lemure hits you but does no damage. The lemure barely misses you.
You hit Pikel. You headbutt Pikel, but do no damage.
Pikel is severely wounded.
You slash the lemure! You barely miss the lemure.
The lemure hits you but does no damage. You block Pikel's attack.
The lemure hits you but does no damage.
Pikel says, "You'll burn in Gehenna!"
Pikel hits you but does no damage.
You are electrocuted!!
* * * LOW HITPOINT WARNING * * *
You block the lemure's attack. The lemure hits you but does no damage.
You hit Pikel. You headbutt Pikel, but do no damage.
Pikel is severely wounded.
You hit the lemure. x2; The lemure completely misses you.
You furiously retaliate!
You headbutt the lemure. Pikel hits you but does no damage.
You are electrocuted!
You die...

#.#
#....................#
#.#
#....................#
#+# #.#
#.....................
... ##.#
#.....#####+##...####
##. ...#
#.....#......# # ..#
##.....#......#
.......#......# ####
.......##5.5..# ...#
........#.@K..# ..
...#
........#.....#...
...#
........#'#####...
...#
..................
####
..............[...
.............[.... ..
##########....)..# ..
#'##....# ..
##.##....# ..


You could see Pikel and 2 lemures.

Vanquished Creatures
  2 hornets
  A polar bear (D:8)
  Grinder (D:5)
  A wraith (D:9)
  6 wyverns
  4 yaks (D:8)
  4 vampire mosquitoes (D:7)
  A steam dragon (D:8)
  4 water moccasins
  5 orc warriors
  A black bear (D:5)
  3 ice beasts
  2 wolves (D:8)
  A centaur (D:9)
  2 lemures (D:9)
  A phantom (D:4)
  4 kobold brigands
  Blork the orc (D:4)
  6 bullfrogs
  4 scorpions
  3 wights (D:7)
  3 electric eels (D:8)
  4 howler monkeys
  2 hounds
  3 jellies
  2 sleepcaps (D:7)
  2 gnoll boudas
  3 orc priests
  4 iguanas
  8 orc wizards
  A centaur simulacrum (D:8)
  A killer bee simulacrum (D:8)
  10 adders
  5 gnolls (D:6)
  A shadow imp (D:7)
  11 white imps
  2 howler monkey simulacra (D:8)
  4 ufetubi
  A dart slug (D:2)
  30 orcs
  10 bats
  8 endoplasms
  5 giant cockroaches
  6 goblins
  9 hobgoblins
  4 jackals (D:1)
  31 kobolds
  3 quokkas
  14 ball pythons
  2 frilled lizards
  5 rats
251 creatures vanquished.

Vanquished Creatures (others)
  A human (D:4)
  A kobold brigand (D:8)
2 creatures vanquished.

Grand Total: 253 creatures vanquished

Notes
Turn   | Place    | Note
-------+----------+-------------------------------------------
     0 | D:1      | lonewolfV2 the Minotaur Fighter began the quest for the
                  | Orb.
     0 | D:1      | Reached XP level 1. HP: 19/19 MP: 0/0
   129 | D:1      | Reached XP level 2. HP: 25/27 MP: 1/1
   391 | D:1      | Reached XP level 3. HP: 29/33 MP: 2/2
   830 | D:2      | Identified the ring "Muzem" {rN+ Str+6}
  1615 | D:3      | Found a blossoming altar of Fedhas.
  1622 | D:3      | Reached XP level 4. HP: 41/41 MP: 3/3
  1801 | D:3      | Found a shimmering blue altar of Sif Muna.
  1801 | D:3      | Found a burning altar of Makhleb.
  2089 | D:4      | Reached skill level 5 in Fighting
  2089 | D:4      | Reached skill level 5 in Axes
  2122 | D:4      | Found Farpho's Firing Range.
  2156 | D:4      | Reached XP level 5. HP: 48/48 MP: 4/4
  2255 | D:4      | Noticed a phantom
  2263 | D:4      | Killed a phantom
  2464 | D:4      | Reached XP level 6. HP: 57/57 MP: 5/5
  2482 | D:4      | Reached skill level 1 in Dodging
  2635 | D:4      | Reached skill level 2 in Dodging
  2734 | D:4      | Found an ancient bone altar of Kikubaaqudgha.
  2739 | D:4      | Noticed a human
  2742 | D:4      | Killed a human
  2806 | D:4      | Noticed Blork the orc
  2814 | D:4      | Killed Blork the orc
  2815 | D:4      | Reached skill level 3 in Dodging
  3235 | D:5      | Entered Level 5 of the Dungeon
  3298 | D:5      | Noticed Grinder
  3307 | D:5      | Killed Grinder
  3308 | D:5      | Reached skill level 5 in Armour
  3308 | D:5      | Reached skill level 4 in Dodging
  3308 | D:5      | Reached XP level 7. HP: 58/63 MP: 6/6
  3381 | D:5      | Reached skill level 5 in Dodging
  3722 | D:5      | Found a runed translucent door.
  3722 | D:5      | Noticed ShellytheWitch's ghost (novice KoBr)
  3722 | D:5      | Noticed a komodo dragon
  4243 | D:6      | Reached skill level 6 in Dodging
  4243 | D:6      | Reached XP level 8. HP: 70/70 MP: 7/7
  4716 | D:6      | Reached skill level 7 in Dodging
  5221 | D:5      | Identified a scroll of acquirement
  5221 | D:5      | Acquired the ring of Xom's Passing Interest {Fly rPois
                  | rCorr Str-2 Dex+6}
  5341 | D:7      | Found Lahynausm's General Store.
  5343 | D:7      | Found Ydax's Specific Store.
  5351 | D:7      | Bought a potion of heal wounds for 65 gold pieces
  5376 | D:7      | Reached skill level 8 in Dodging
  5427 | D:7      | Found a staircase to the Ecumenical Temple.
  5447 | Temple   | Entered the Ecumenical Temple
  5472 | Temple   | Became a worshipper of Qazlal Stormbringer
  5594 | D:7      | Reached skill level 1 in Invocations
  5594 | D:7      | Reached XP level 9. HP: 58/75 MP: 8/8
  5601 | D:7      | Reached skill level 9 in Dodging
  6262 | D:7      | Reached * piety under Qazlal
  6691 | D:8      | Noticed a polar bear
  6698 | D:8      | Reached skill level 10 in Dodging
  6705 | D:8      | Killed a polar bear
  7149 | D:8      | Reached XP level 10. HP: 71/83 MP: 12/12
  7186 | D:8      | Reached skill level 10 in Armour
  7195 | D:8      | Reached skill level 11 in Dodging
  7208 | D:8      | Found a staircase to the Lair.
  7213 | D:8      | Reached ** piety under Qazlal
  7386 | D:8      | Reached skill level 5 in Invocations
  7630 | D:8      | Found a sparkling altar of Nemelex Xobeh.
  8001 | D:8      | Found a broken altar of Ashenzari.
  8400 | D:9      | Reached skill level 12 in Dodging
  8485 | D:9      | Reached *** piety under Qazlal
  8779 | D:9      | Noticed Pikel
  8793 | D:9      | Mangled by Pikel

Illustrated notes

Levels and vault maps discovered:
D:1:      amcnicky_arrival_gap_in_the_tavern_cellar, layout_basic
D:2:      layout_basic
D:3:      layout_rooms, mainiacjoe_overflow_alcove_2,
          gammafunk_temple_overflow_pools
D:4:      minmay_recursive_quarters, layout_basic, tgw_kikubaaqudgha,
          minmay_misc_feat_plants, moated_statue, nicolae_shop_firing_range,
          uniq_blork_the_orc
D:5:      layout_loops_corners, ebering_ghost_inner_flame,
          chequers_serial_rivers_micro_d, uniq_grinder
D:6:      layout_rooms, serial_rivers, chequers_serial_rivers_micro_b,
          chequers_serial_rivers_micro_e, chequers_serial_rivers_marsh,
          chequers_serial_rivers_small_b
D:7:      layout_gridville, minmay_temple_entry_statues, st_stairs_8,
          nicolae_specific_store
D:8:      layout_rooms, nicolae_ashenzari_skybound,
          nemelex_xobeh_ov_fountains_minmay, minmay_lair_entry_grove,
          serial_ice, serial_ice_n, serial_ice_l, serial_ice_f, serial_ice_b,
          serial_ice_c, serial_ice_m, serial_ice_d, serial_ice_o, serial_ice_a,
          serial_ice_e, grunt_tough_drop
D:9:      layout_irregular_city, dk_noncrumbling_2, uniq_pikel
Temple:   eino_wide_crystal_templ

Skill      XL: |  1  2  3  4  5  6  7  8  9 10 |
---------------+-------------------------------+-----
Axes           | 3 4 5 6 |  6.0
Fighting       | 4 5 6 |  6.0
Dodging        | 4 6 8 10 12 | 12.3
Armour         | 5 6 8 9 10 | 10.7
Invocations    | 1 4 5 |  5.8
Shields        | 4 |  4.9

Action                     |  1- 3 |  4- 6 |  7- 9 | 10-12 || total
---------------------------+-------+-------+-------+-------++-------
  Melee: War axe           |    80 |   107 |   204 |   129 ||   520
         Headbutt          |     9 |    19 |    45 |    33 ||   106
    Use: Scroll            |     4 |     6 |     9 |     1 ||    20
         Potion            |       |       |     1 |       ||     1
 Armour: Scale mail        |    44 |     7 |       |       ||    51
         Plate armour      |       |    33 |   112 |    62 ||   207
  Dodge: Dodged            |    55 |    36 |   107 |    93 ||   291
  Block: Buckler           |    27 |    54 |   140 |   117 ||   338
         Reflection        |       |       |     3 |     5 ||     8
